Map: Acropolis LE

Players

souL - Winner!

  • Race: Terran Terran
  • Spawn Location: 5:00

Bioice

  • Race: Zerg Zerg
  • Spawn Location: 11:00

VOD

Have the link to the VOD?

Description

Time

  • Played on: Sept. 6, 2019, 5:28 p.m.
  • Length: 15:15
Show
View Real Time Build Order
Export as new Build Order

souL Terran - Winner!

Build Orders: Gas First Reaper Expand, Hellion Opening, Mech 

Get SALT Encoding   

  12  0:00  SCV  
  13  0:13  SCV  
  14  0:16  Supply Depot  
  14  0:25  SCV  
  15  0:30  Refinery  
  15  0:38  SCV  
  16  0:44  Barracks  
  16  0:50  SCV  
  17  1:02  SCV  
  18  1:16  SCV  
  19  1:31  Orbital Command, Reaper  
  20  1:41  Command Center  
  20  1:52  Factory  
  20  1:57  SCV  
  21  2:08  Barracks Reactor  
  21  2:09  SCV  
  21  2:14  Supply Depot, Refinery  
  22  2:22  SCV  
  23  2:35  SCV  
  24  2:42  Starport  
  24  2:48  SCV  
  24  2:49  Hellion x2  
  29  2:54  Orbital Command  
  29  2:57  Marine  
  30  3:01  SCV  
  31  3:10  Hellion  
  31  3:11  Hellion  
  35  3:13  SCV  
  36  3:20  Fusion Core  
  36  3:21  SCV  
  36  3:25  SCV  
  38  3:33  SCV  
  39  3:34  Supply Depot  
  39  3:37  SCV  
  39  3:39  Hellion  
  42  3:42  Hellion  
  42  3:45  SCV  
  42  3:46  Marine  
  46  3:50  Starport Tech Lab  
  46  3:54  SCV  
  46  3:58  SCV, Supply Depot  
  47  4:06  SCV  
  48  4:10  Battlecruiser  
  54  4:20  Marine, SCV x2  
  57  4:27  Command Center  
  57  4:33  SCV  
  57  4:34  Supply Depot  
  57  4:35  SCV  
  59  4:40  Supply Depot  
  59  4:45  SCV, Refinery x2  
  60  4:47  SCV  
  60  4:48  Supply Depot  
  61  4:56  Barracks Tech Lab  
  61  4:57  SCV  
  61  4:59  SCV  
  63  5:03  Factory Tech Lab  
  63  5:08  Factory x2  
  63  5:09  SCV  
  63  5:11  SCV  
  65  5:18  Weapon Refit  
  65  5:22  SCV, Supply Depot  
  65  5:24  SCV, Hellion x2  
  71  5:34  SCV  
  72  5:36  SCV  
  72  5:41  Orbital Command  
  73  5:44  Battlecruiser  
  73  5:46  SCV  
  80  5:51  Supply Depot  
  80  5:53  Factory Tech Lab, Hellion  
  80  5:56  Factory Tech Lab  
  82  5:58  Orbital Command  
  82  6:01  SCV  
  82  6:03  SCV  
  84  6:11  Refinery  
  84  6:12  Refinery  
  84  6:13  SCV  
  84  6:14  Siege Tank, Supply Depot  
  84  6:15  SCV  
  89  6:19  Siege Tank  
  89  6:23  Hellion  
  89  6:25  SCV  
  95  6:26  SCV  
  95  6:27  SCV  
  97  6:37  SCV  
  97  6:38  SCV  
  97  6:39  SCV  
  100  6:40  Armory x2  
  100  6:42  Engineering Bay  
  100  6:46  Supply Depot  
  100  6:49  SCV  
  100  6:50  SCV  
  100  6:51  Supply Depot  
  102  6:54  SCV  
  102  7:00  Siege Tank  
  106  7:03  SCV  
  106  7:07  Siege Tank  
  106  7:08  Hellion  
  112  7:10  SCV  
  113  7:16  Hellion  
  115  7:23  SCV x3  
  115  7:29  Hellion  
  120  7:32  Siege Tank  
  120  7:34  Missile Turret  
  120  7:35  SCV x3  
  120  7:39  Siege Tank  
  120  7:40  Battlecruiser  
  129  7:46  Hellion  
  129  7:47  SCV x2  
  134  7:54  SCV  
  134  8:01  Missile Turret  
  134  8:02  Command Center, Missile Turret  
  134  8:04  Siege Tank  
  131  8:07  Terran Vehicle And Ship Armor Level 1, Terran Vehicle Weapons Level 1  
  131  8:09  Hellion  
  131  8:11  Hellion  
  131  8:12  Siege Tank, SCV  
  139  8:16  Supply Depot  
  139  8:19  Hellion x6  
  133  8:31  Hellion  
  133  8:33  Hellion  
  134  8:36  Siege Tank  
  134  8:38  SCV  
  130  8:44  Siege Tank  
  125  8:51  Battlecruiser  
  125  8:52  Hellion  
  130  8:57  SCV x2  
  130  9:00  Factory, Refinery  
  130  9:01  Factory  
  132  9:04  SCV, Refinery  
  132  9:09  SCV  
  131  9:10  Siege Tank, Hellion  
  131  9:14  Command Center, Hellion  
  131  9:16  Hellion  
  131  9:17  SCV  
  133  9:18  SCV  
  130  9:32  Hellbat  
  130  9:33  SCV  
  136  9:39  Command Center  
  136  9:45  Cyclone x2, Hellion  
  141  9:50  Factory Tech Lab, Factory Reactor  
  141  9:51  Missile Turret x2  
  141  9:53  SCV  
  141  9:56  SCV x2  
  144  10:02  Hellion x3  
  144  10:05  SCV  
  145  10:07  Supply Depot  
  145  10:13  Supply Depot x2  
  145  10:15  Supply Depot  
  145  10:17  Supply Depot  
  145  10:19  Mag-Field Accelerator, Refinery  
  145  10:25  Infernal Pre-Igniter  
  145  10:26  Battlecruiser  
  151  10:31  Planetary Fortress  
  151  10:35  Siege Tank, Hellion  
  156  10:39  Terran Ship Weapons Level 1, Terran Vehicle And Ship Armor Level 2  
  156  10:44  Siege Tank x2  
  162  11:01  Hellion  
  162  11:03  Supply Depot  
  162  11:07  Siege Tank  
  162  11:08  Hellion  
  163  11:15  Hellion  
  163  11:16  Cyclone x2  
  171  11:19  SCV x2  
  171  11:29  Hellion  
  173  11:39  Cyclone  
  174  11:42  Missile Turret x2  
  174  11:44  Hellion  
  174  11:46  Command Center  
  176  11:48  Cyclone  
  179  11:56  Command Center  
  179  11:59  Cyclone  
  180  12:02  Hellion x2  
  178  12:11  Cyclone  
  178  12:21  Cyclone  
  170  12:31  Battlecruiser  
  170  12:34  Starport  
  170  12:35  Neosteel Armor, Starport  
  180  12:47  Command Center  
  180  12:49  Command Center  
  180  12:50  Command Center  
  180  12:55  Command Center  
  183  13:03  Thor x3  
  184  13:12  Starport Tech Lab  
  184  13:19  Starport Tech Lab  
  172  13:32  Battlecruiser  
  172  13:33  Orbital Command  
  178  13:40  Sensor Tower  
  178  13:43  Battlecruiser  
  178  13:46  Thor  
  190  13:54  Thor  
  196  14:01  Refinery  
  196  14:02  Refinery  
  196  14:03  Orbital Command  
  196  14:06  Orbital Command  
  197  14:21  Planetary Fortress  
  197  14:48  Command Center  
Show
View Real Time Build Order
Export as new Build Order

Bioice Zerg 

Build Orders: Hatch First, Brood Lord Corruptor 

Get SALT Encoding   

  12  0:00  Drone  
  13  0:14  Overlord  
  13  0:17  Drone  
  14  0:33  Drone x2  
  16  0:50  Hatchery  
  16  0:52  Drone  
  16  0:56  Drone  
  17  0:59  Drone  
  18  1:08  Extractor  
  17  1:15  Spawning Pool  
  17  1:17  Drone  
  17  1:25  Drone  
  17  1:31  Drone  
  19  1:42  Drone  
  20  1:54  Drone  
  21  2:02  Queen x2  
  21  2:05  Zergling x4  
  27  2:17  Hatchery  
  27  2:20  Overlord  
  26  2:25  Metabolic Boost  
  26  2:29  Drone  
  27  2:31  Drone  
  28  2:42  Drone x3  
  31  2:46  Queen  
  33  2:51  Overlord  
  33  2:54  Drone  
  33  2:58  Drone  
  35  2:59  Drone  
  36  3:09  Drone  
  36  3:10  Drone  
  38  3:15  Overlord  
  38  3:17  Drone x2  
  38  3:18  Drone  
  41  3:22  Drone  
  41  3:25  Queen  
  44  3:28  Queen  
  44  3:33  Queen  
  48  3:36  Zergling x4  
  48  3:38  Zergling x2  
  51  3:47  Overlord  
  51  3:48  Zergling x4  
  51  3:49  Zergling x4  
  54  3:57  Overlord  
  54  3:59  Drone x2  
  54  4:00  Drone  
  57  4:05  Drone  
  57  4:06  Drone  
  57  4:08  Drone x2  
  61  4:11  Drone  
  61  4:15  Lair, Drone  
  63  4:17  Drone  
  63  4:22  Drone  
  63  4:24  Extractor  
  64  4:25  Drone  
  65  4:32  Overlord x2  
  65  4:34  Roach Warren  
  65  4:37  Spore Crawler, Drone  
  64  4:38  Drone  
  64  4:40  Spore Crawler, Drone  
  65  4:48  Spore Crawler  
  65  4:50  Queen x2  
  68  4:57  Drone x7  
  75  5:02  Drone x3  
  75  5:07  Drone  
  79  5:09  Drone x3  
  82  5:16  Overlord x2  
  82  5:21  Spire  
  82  5:24  Extractor  
  82  5:26  Extractor  
  79  5:29  Roach x2  
  79  5:33  Overlord  
  81  5:37  Roach x3, Extractor  
  81  5:39  Drone x5  
  91  5:44  Drone x3  
  91  5:46  Drone  
  95  5:50  Extractor  
  95  5:51  Extractor  
  95  5:55  Glial Reconstitution  
  93  5:59  Drone x3  
  96  6:07  Overlord, Drone  
  96  6:08  Drone x5  
  96  6:09  Drone  
  103  6:17  Overlord  
  103  6:21  Drone  
  102  6:36  Hatchery  
  102  6:39  Roach x10  
  121  6:42  Overseer  
  115  7:12  Corruptor x3  
  117  7:23  Corruptor x2  
  112  7:38  Corruptor  
  112  7:39  Corruptor x3  
  115  7:45  Overlord  
  115  7:46  Overlord x6  
  115  7:54  Infestation Pit  
  115  7:56  Roach  
  115  7:57  Roach x2  
  120  8:09  Ravager  
  120  8:10  Ravager x3  
  120  8:12  Roach x2  
  128  8:17  Roach  
  130  8:23  Roach x4  
  130  8:24  Zergling x2, Roach  
  135  8:28  Roach  
  135  8:31  Zergling x2, Roach x7  
  139  8:39  Roach x2  
  128  8:48  Roach x3  
  123  8:52  Hatchery  
  124  8:58  Roach x3  
  127  9:10  Hatchery  
  127  9:14  Corruptor x4  
  132  9:18  Corruptor  
  132  9:23  Corruptor  
  132  9:29  Roach x5  
  140  9:31  Overlord  
  140  9:34  Extractor  
  140  9:37  Extractor  
  140  9:38  Corruptor  
  138  9:49  Hive  
  138  9:51  Drone x2  
  138  9:52  Drone  
  137  9:56  Overlord x3  
  137  10:02  Ravager x2  
  137  10:03  Ravager  
  137  10:04  Roach x4  
  137  10:05  Roach  
  150  10:14  Drone x4  
  153  10:20  Drone  
  155  10:22  Drone x5  
  160  10:33  Spine Crawler  
  160  10:34  Spore Crawler  
  160  10:35  Ravager x5, Spine Crawler  
  163  10:41  Spine Crawler  
  153  11:01  Greater Spire  
  146  11:15  Drone x3  
  146  11:16  Drone x2  
  146  11:17  Hatchery  
  146  11:18  Pathogen Glands  
  150  11:19  Drone x3  
  150  11:20  Drone x5  
  142  11:44  Drone  
  142  11:45  Drone x9  
  152  11:47  Extractor  
  152  11:49  Extractor, Infestor x3  
  156  11:55  Infestor x2  
  153  12:05  Corruptor x4  
  153  12:06  Corruptor  
  163  12:14  Roach x4  
  152  12:25  Roach x3  
  139  12:30  Roach  
  139  12:35  Brood Lord x2  
  139  12:36  Brood Lord  
  141  12:51  Roach x6  
  153  12:53  Brood Lord  
  155  13:00  Roach x2  
  155  13:01  Roach  
  150  13:19  Roach x5  
  152  13:32  Brood Lord x4  
  160  13:37  Hatchery  
  159  13:43  Roach x3  
  159  13:44  Roach x4  
  159  13:47  Neural Parasite  
  173  13:50  Drone  
  173  13:53  Overlord  
  174  14:00  Drone  
  174  14:01  Drone x2  
  177  14:05  Corruptor  
  179  14:11  Corruptor x2  
  183  14:18  Corruptor x2  
  182  14:34  Corruptor x4  
  180  14:40  Corruptor  
  180  14:41  Corruptor  
Tags
 
Add a new tag
Caveats
  • Supply blocks, unpowered buildings, or Contaminate may cause inaccurate times.
  • Supply counts are checked every 10 seconds.